 Dungeon Crawl Stone Soup version 0.14-a0-3491-gb7ac591 (webtiles) character file.

171 M4edhros the Skirmisher (level 4, -2/33 HPs)
             Began as an Octopode Chaos Knight on Mar 25, 2014.
             Was a Plaything of Xom.
             Killed themself with a badly aimed fireball (4 damage)
             ... on Level 4 of the Dungeon.
             The game lasted 00:02:20 (1861 turns).

M4edhros the Skirmisher (Octopode Chaos Knight)     Turns: 1861, Time: 00:02:21

HP  -2/33        AC  1     Str 11      XL: 4   Next: 36%
MP   4/4         EV 13     Int 15      God: Xom
Gold 93          SH  0     Dex 11      Spells:  0 memorised,  3 levels left

rFire  + . .     SeeInvis .     a - +0 spear (chaos)
rCold  . . .     Clarity  .     (no shield)
rNeg   . . .     Conserve .     (helmet restricted)
rPois  .         rCorr    .     (no amulet)
rElec  .         rRot     .     (no ring)
SustAb . .       Spirit   .     p - ring of protection from fire
rMut   .         Warding  .     (no ring)
Saprov . . .     Stasis   .     (no ring)
MR     .....                    (no ring)
                                (no ring)
                                (no ring)
                                (no ring)

@: not resistant to hostile enchantments, fairly stealthy
A: almost no armour, amphibious, 8 rings, constrict 8, camouflage 1, gelatinous
body 1
a: Renounce Religion


You were on level 4 of the Dungeon.
You worshipped Xom.
You were a beloved toy of Xom.
You were hungry.

You visited 1 branch of the dungeon, and saw 4 of its levels.

You collected 93 gold pieces.

Inventory:

Hand weapons
 a - a +0,+0 spear of chaos (weapon)
Missiles
 l - 21 sling bullets
Magical devices
 n - a wand of fireball (5) {unknown}
Comestibles
 c - 2 bread rations
 g - 2 meat rations
 q - a rotting chunk of goblin flesh
Scrolls
 d - a scroll of random uselessness
 h - a scroll of enchant weapon II {unknown}
 i - a scroll of enchant armour
 j - a scroll of remove curse
 k - a scroll of enchant weapon I
 m - a scroll of recharging
 o - 2 scrolls of identify
Jewellery
 f - an uncursed ring of hunger
 p - a ring of protection from fire (right tentacle)
Potions
 b - a potion of heal wounds {unknown}
 e - 3 potions of haste


   Skills:
 + Level 3.7 Fighting
 + Level 3.6 Polearms
 + Level 3.5 Dodging


You had 3 spell levels left.
You didn't know any spells.

Dungeon Overview and Level Annotations

Branches:
Dungeon (4/15)
 Temple: D:4-7

Altars:
Xom


Innate Abilities, Weirdness & Mutations

You cannot wear most types of armour.
You are amphibious.
You can wear up to eight rings at the same time.
You can use your tentacles to constrict many enemies at once.
Your skin changes colour to match your surroundings (Stlth).
Your rubbery body absorbs attacks (AC +1).


Message History

Ouch! That really hurt!
* * * LOW HITPOINT WARNING * * *
An ogre is nearby!
You are too injured to fight recklessly!
An ogre is nearby!
You are too injured to fight recklessly!
Drink which item? (? for menu, Esc to quit)
Okay, then.
Read which item? (? for menu, Esc to quit)
Okay, then.
Evoke which item? (* to show all) (? for menu, Esc to quit)
Zapping:
n - an ivory wand
Press: ? - help, Shift-Dir - straight line, f/p - ogre
Aim: an ogre, wielding a giant club (lightly wounded, berserk)
The fireball explodes!
The fireball engulfs the ogre.
The ogre is moderately wounded.
The fireball engulfs you! You resist.
One of your 2 scrolls of enchant armour catches fire!
You die...
Xom giggles madly!

##### #...######
##### #........#
#...# #...####.#
##...####.## #@#
##.........#...O....#
.(....######.###.##.#
###...# #<# # ####.##
#.# <# #.# #..
.###'## ##. .##...##
. .#.....## .


You could see an ogre (berserk).

Vanquished Creatures
  Ijyb (D:3)
  A worm (D:3)
  3 giant geckos
  An ooze (D:2)
  9 bats
  2 giant cockroaches
  A giant cockroach (shapeshifter) (D:1)
  4 goblins
  5 hobgoblins
  2 jackals (D:1)
  3 giant newts
  A jackal (shapeshifter) (D:1)
  10 kobolds
  7 rats
50 creatures vanquished.

Vanquished Creatures (others)
  A kobold (D:1)
1 creature vanquished.

Grand Total: 51 creatures vanquished

Notes
Turn   | Place    | Note
--------------------------------------------------------------
     0 | D:1      | M4edhros, the Octopode Chaos Knight, began the quest for the Orb.
     0 | D:1      | Reached XP level 1. HP: 16/16 MP: 1/1
    79 | D:1      | Reached XP level 2. HP: 14/21 MP: 2/2
   655 | D:1      | Found a shimmering altar of Xom.
   685 | D:1      | XOM: silly message
   692 | D:2      | Reached XP level 3. HP: 26/26 MP: 3/3
  1053 | D:2      | XOM: divination: detect creatures
  1410 | D:3      | XOM: harmless Summ miscast
  1439 | D:3      | XOM: divination: detect items
  1482 | D:3      | Noticed Ijyb
  1497 | D:3      | Killed Ijyb
  1497 | D:3      | Reached XP level 4. HP: 28/33 MP: 4/4
  1739 | D:3      | XOM: harmless Erth miscast
  1859 | D:4      | Noticed an ogre
  1861 | D:4      | Killed themself with a badly aimed fireball

Action                   |  1- 3 |  4- 6 || total
-------------------------+-------+-------++-------
Melee: Spear             |   101 |    25 ||   126
  Use: Scroll            |     4 |     2 ||     6
       Potion            |       |     4 ||     4
 Stab: Sleeping          |     4 |       ||     4
       Paralysed         |     3 |       ||     3
